 Dungeon Crawl Stone Soup version 0.26.1-11-gd32895ea62 (webtiles) character file.

Game seed: 6683849798447541579

175 Zeld the Twirler (level 5, -1/34 HPs)
             Began as an Octopode Gladiator on May 23, 2021.
             Slain by an adder (4 damage)
             ... on level 6 of the Dungeon.
             The game lasted 00:01:29 (2234 turns).

Zeld the Twirler (Octopode Gladiator)               Turns: 2234, Time: 00:01:29

Health: -1/34      AC:  1    Str: 14    XL:     5   Next: 55%
Magic:  5/5        EV: 14    Int: 11    God:
Gold:   68         SH:  0    Dex: 13    Spells: 4/4 levels left

rFire    . . .     SeeInvis .   a - +0 quarterstaff
rCold    . . .     Faith    .   (shield currently unavailable)
rNeg     . . .     Spirit   .   b - +0 hat
rPois    .         Reflect  .   (no amulet)
rElec    .         Harm     .   (no ring)
rCorr    .         Rampage  .   (no ring)
Will     .....                  (no ring)
Stlth    ++........             (no ring)
HPRegen  0.11/turn              (no ring)
MPRegen  0.09/turn              (no ring)
                                (no ring)
                                (no ring)

@: no status effects
A: almost no armour, stealthy swim, amphibious, 8 rings, constrict 8, camouflage
1, gelatinous body 1
a: no special abilities


You were on level 6 of the Dungeon.
You visited 1 branch of the dungeon, and saw 6 of its levels.

You collected 68 gold pieces.

Inventory:

Hand Weapons
 a - a +0 quarterstaff (weapon)
Missiles
 c - 4 throwing nets
 h - 19 poisoned darts (quivered)
 m - 4 javelins
Armour
 b - a +0 hat (worn)
Jewellery
 e - a cursed ring of attention {unknown}
Scrolls
 d - a scroll of teleportation {unknown}
 f - a scroll of identify {unknown}
 i - 2 scrolls of amnesia {unknown}
 k - a scroll of magic mapping {unknown}
 l - 2 scrolls of remove curse {unknown}
 n - a scroll of summoning {unknown}
 o - a scroll of immolation {unknown}
Potions
 g - a potion of curing {unknown}
 j - a potion of attraction {unknown}


   Skills:
 - Level 2.0 Fighting
 * Level 6.1 Staves
 - Level 2.0 Throwing
 - Level 3.0 Dodging


You had 4 spell levels left.
You didn't know any spells.
Your spell library was empty.

Dungeon Overview and Level Annotations

Branches:
Dungeon (6/15)
 Temple: D:4-7

Altars:

Annotations:
D:4 exclusion: ogre
D:5 Prince Ribbit


Innate Abilities, Weirdness & Mutations

You cannot wear most types of armour.
You are very stealthy in the water. (Stealth+)
You are amphibious.
You can wear up to eight rings at the same time.
You can use your tentacles to constrict eight enemies at once.
Your skin changes colour to match your surroundings (Stealth+).
Your rubbery body absorbs attacks. (AC +1, EV +1)


Message History

You are too injured to fight recklessly!
Prince Ribbit blinks!
There is a stone staircase leading down here.
You climb downwards.
There is a stone staircase leading up here.
The shadow imp misses you.
There is a stone staircase leading up here.
You thump the shadow imp! You grab the shadow imp. You squeeze the shadow imp.
You kill the shadow imp!
The adder hisses angrily.
The centaur shouts!
The centaur wields a +0 shortbow.
The centaur shoots an arrow.
The arrow hits you!
* * * LOW HITPOINT WARNING * * *
The adder closely misses you.
The centaur shoots an arrow.
The arrow hits you.
* * * LOW HITPOINT WARNING * * *
There is a stone staircase leading down, spattered with blood here.
You see here 2 arrows.
The adder bites you.
You die...

.. # ....
#.#####...#
##.#......c## #.
.....#...
#..#.##.#.## #
####..#.##....#.###
...................
####..#<#.S@..#.#
.....#.#..####
####.......#
#..#.#.## #..#.....
... ........
###..######### ...
###


You could see a centaur and an adder.

Vanquished Creatures
  A howler monkey (D:4)
  3 worker ants
  A gnoll (D:1)
  3 adders
  A shadow imp (D:6)
  An ooze (D:2)
  A worm (D:6)
  A bat (D:2)
  A hobgoblin (D:3)
  2 quokkas
  2 frilled lizards
  A kobold (D:1)
  2 rats
20 creatures vanquished.

Notes
Turn   | Place    | Note
-------+----------+-------------------------------------------
     0 | D:1      | Zeld the Octopode Gladiator began the quest for the Orb.
     0 | D:1      | Reached XP level 1. HP: 14/14 MP: 1/1
    40 | D:1      | Reached XP level 2. HP: 8/19 MP: 2/2
   262 | D:2      | Reached skill level 4 in Staves
   685 | D:2      | Reached XP level 3. HP: 22/24 MP: 3/3
  1351 | D:4      | Reached XP level 4. HP: 14/29 MP: 4/4
  1887 | D:4      | Reached skill level 5 in Staves
  2077 | D:4      | Noticed an ogre
  2089 | D:4      | Reached XP level 5. HP: 34/34 MP: 5/5
  2098 | D:4      | Noticed an ogre
  2103 | D:5      | Entered Level 5 of the Dungeon
  2185 | D:5      | Reached skill level 6 in Staves
  2211 | D:6      | Noticed Prince Ribbit
  2219 | D:6      | Noticed a centaur
  2234 | D:6      | Slain by an adder

Illustrated notes

Levels and vault maps discovered:
D:1:      dpeg_arrival_rooms_a, layout_basic, chequers_serial_rivers_small_b
D:2:      minmay_diamond_boxcup, layout_basic, overflow_temple_1_default,
          uniq_sigmund
D:3:      wad_river_or_something, layout_basic, minivault_27
D:4:      layout_basic, grunt_temple_overflow_gold_and_silver, serial_shops,
          nicolae_shop_crystal, minmay_cupped, uniq_natasha
D:5:      layout_basic, serial_glass, glass_columns_c, glass_columns_c,
          serial_shops, nicolae_shop_waterfront
D:6:      layout_loops_ring, lemuel_coloured_pillars_altar, serial_shops,
          nicolae_shop_waterfront, uniq_duvessa, uniq_prince_ribbit1,
          uniq_maggie

Skill      XL: |  1  2  3  4  5 |
---------------+----------------+-----
Staves         | 4 5 6 |  6.1
Fighting       | |  2.0
Throwing       | |  2.0
Dodging        | |  3.0

Action                   |  1- 3 |  4- 6 || total
-------------------------+-------+-------++-------
Melee: Quarterstaff      |    29 |    18 ||    47
       Constrict         |     4 |     6 ||    10
       Tentacles         |     5 |     3 ||     8
 Stab: Sleeping          |     5 |     2 ||     7
Armor: Skin              |     2 |       ||     2
Dodge: Dodged            |    19 |    16 ||    35
